 Dungeon Crawl Stone Soup version 0.30.1-4-g462c640d31 (webtiles) character file.

Game seed: 6862765017191772616

31 growler the Trooper (level 3, 28/29 HPs)
             Began as a Demonspawn Gladiator on Aug 18, 2023.
             Quit the game on level 2 of the Dungeon.
             The game lasted 00:02:02 (800 turns).

growler the Trooper (Demonspawn Gladiator)           Turns: 800, Time: 00:02:03

Health: 28/29      AC:  5    Str: 14    XL:     3   Next: 7%
Magic:  3/3        EV: 12    Int: 11    God:
Gold:   60         SH:  0    Dex: 14    Spells: 2/2 levels left

rFire   . . .        a - +0 war axe
rCold   . . .        (no shield)
rNeg    . . .        b - +0 leather armour
rPois   .            c - +0 helmet
rElec   .            (no cloak)
rCorr   .            (no gloves)
SInv    .            k - +0 pair of boots
Will    .....        (no amulet)
Stlth   +            (no ring)
HPRegen 1.24/turn    (no ring)
MPRegen 0.08/turn

%: no passive effects
@: no status effects
A: claws 1, powered by death 1
a: no special abilities


You were on level 2 of the Dungeon.
You visited 1 branch of the dungeon, and saw 2 of its levels.

You collected 60 gold pieces.

Inventory:

Hand Weapons
 a - a +0 war axe (weapon)
Missiles
 d - 3 throwing nets (quivered)
 e - a javelin
Armour
 b - a +0 leather armour (worn)
 c - a +0 helmet (worn)
 k - a +0 pair of boots (worn)
Scrolls
 g - 3 scrolls of poison {unknown}
 i - a scroll of identify {unknown}
 j - a scroll of blinking {unknown}
 l - a scroll of fog {unknown}
Potions
 f - a potion of flight {unknown}
 h - 2 potions of curing {unknown}
 m - a potion of degeneration {unknown}


   Skills:
 + Level 3.2 Fighting
 + Level 3.0 Axes
 - Level 1.7 Throwing
 - Level 2.6 Dodging


You had 2 spell levels left.
You didn't know any spells.
Your spell library was empty.

Dungeon Overview and Level Annotations

Branches:
Dungeon (2/15)

Altars:


Innate Abilities, Weirdness & Mutations

You have sharp fingernails.
You regenerate a little health from kills.


Message History

You closely miss the bat. The bat misses you. The bat closely misses you.
The bat barely misses you.
You barely miss the bat. The bat hits you but does no damage.
The ball python closely misses you. x2
You closely miss the ball python. The ball python barely misses you.
The ball python grabs you. The ball python constricts you.
The ball python barely misses you. The ball python constricts you.
You hit the ball python.
You kill the ball python!
The bat hits you but does no damage. x2
You hit the bat.
You kill the bat!
No target in view!
No target in view!
Things that are here:
a bat corpse; a ball python corpse
Found a stone staircase leading down.
Found a stone staircase leading down.
There is a stone staircase leading down here.
Found a ring mail.
A worm comes into view.
Found a stone staircase leading up.
A worm is nearby!
The worm barely misses you.
You hit the worm but do no damage. The worm bites you.
You hit the worm.
The worm is lightly wounded.
The worm barely misses you.
You slash the worm!
The worm is heavily wounded.
You slash the worm!
You kill the worm!
You have reached level 3!
Your experience leads to an increase in your attributes!
Increase (S)trength, (I)ntelligence, or (D)exterity?
You feel clever. x2
You feel monstrous as your demonic heritage exerts itself.
Your demonic ancestry asserts itself...
Your fingernails lengthen.
Are you sure you want to abandon this character and quit the game? (Confirm with "yes".)

...# #..# ....
#..## ....
###.#..# ...#..#
#..#@.# #..#..#
#..#..#
#.[#..###.#.
#.###.........<#
#.?.......####.#
#####.##.###
#....#.# #.....#


There were no monsters in sight!

Vanquished Creatures
  A worm (D:2)
  A dart slug (D:1)
  A bat (D:2)
  4 endoplasms (D:1)
  A giant cockroach (D:1)
  3 hobgoblins (D:1)
  A quokka (D:2)
  6 ball pythons
  3 frilled lizards (D:1)
  A goblin (D:1)
  3 rats
25 creatures vanquished.

Notes
Turn   | Place    | Note
-------+----------+-------------------------------------------
     0 | D:1      | growler the Demonspawn Gladiator began the quest for the
                  | Orb.
     0 | D:1      | Reached XP level 1. HP: 16/16 MP: 1/1
   260 | D:1      | Gained mutation: You regenerate a little health from kills.
                  | [demonic ancestry]
   260 | D:1      | Reached XP level 2. HP: 23/23 MP: 2/2
   800 | D:2      | Discovered your monstrous ancestry.
   800 | D:2      | Gained mutation: You have sharp fingernails. [demonic
                  | ancestry]
   800 | D:2      | Reached XP level 3. HP: 28/29 MP: 3/3
   800 | D:2      | Quit the game

Illustrated notes

Levels and vault maps discovered:
D:1:      saegor_arrival_simple_d, layout_basic, minivault_4
D:2:      cheibrodos_fertilizer, layout_loops_ring, basic_altar,
          dreamdust_ecumenical_altar_drowned_temple, minmay_misc_feat_square

Skill      XL: |  1  2 |
---------------+-------+-----
Fighting       | 3 |  3.2
Axes           | 3 |  3.0
Throwing       | |  1.7
Dodging        | |  2.6

Action                     || total
---------------------------++-------
  Melee: War axe           ||    65
         Punch             ||     1
 Armour: Leather armour    ||    21
  Dodge: Dodged            ||    55
